 Dungeon Crawl Stone Soup version 0.32-a0-913-g739538a (webtiles) character file.

Game seed: 13004792568911509464

35071 RichLichReachLeech the Destroyer (level 13, 0/81 HPs)
             Began as a Demonspawn Conjurer on Apr 7, 2024.
             Was a High Priest of Vehumet.
             Slain by a rime drake (1 damage)
             ... while petrified by a catoblepas
             ... on level 1 of the Lair of Beasts.
             The game lasted 00:36:11 (18174 turns).

RichLichReachLeech the Destroyer (DsCj)            Turns: 18174, Time: 00:36:11

Health: 0/81       AC:  5    Str:  8    XL:     13   Next: 45%
Magic:  24/28      EV:  2    Int: 28    God:    Vehumet [*****.]
Gold:   624        SH:  0    Dex: 10    Spells: 1/34 levels left

rFire   . . .        a - staff "Grim Tooth" {Conj Air}
rCold   + + +        C - +0 buckler
rNeg    + + +        D - +1 robe {Will+}
rPois   ∞            c - +0 hat {Will+}
rElec   .            r - +0 cloak
rCorr   .            G - +0 pair of gloves "Mazul" {+Blink rC+++ Dex-3 Slay-2}
SInv    .            (no boots)
Will    ++...        g - amulet of the acrobat
Stlth   ++           s - ring of wizardry
HPRegen 0.33/turn    v - ring of wizardry
MPRegen 0.42/turn

%: acrobat, wizardry (x3)
@: petrified
A: hooves 2, ignite blood 1, magic regeneration, big brain 3
a: Renounce Religion, Evoke Blink


You were on level 1 of the Lair of Beasts.
You worshipped Vehumet.
Vehumet was extremely pleased with you.
You visited 4 branches of the dungeon, and saw 17 of its levels.
You also visited: Gauntlet.

You collected 1776 gold pieces.
You spent 1152 gold pieces at shops.

Inventory:

Hand Weapons
 b - the +5 Force Lance {heavy, knockback}
   (You found it on level 2 of the Dungeon)
Missiles
 m - 2 throwing nets
Armour
 c - a +0 hat of willpower (worn)
 r - a +0 cloak (worn)
 C - a +0 buckler (worn)
 D - a +1 robe of willpower (worn)
 G - the +0 pair of gloves "Mazul" (worn) {+Blink rC+++ Dex-3 Slay-2}
   (You bought it in a shop on level 2 of the Orcish Mines)

   Dex-3:     It affects your dexterity (-3).
   Slay-2:    It affects your accuracy & damage with ranged weapons and melee
   (-2).
   rC+++:     It renders you almost immune to cold.
   +Blink:    It lets you blink.
Magical Staves
 a - the staff "Grim Tooth" (weapon) {Conj Air}
   (You acquired it on level 6 of the Dungeon)

   [staff of conjuration]

   Base accuracy: +5 Base damage: 5 Base attack delay: 1.2 This weapon's minimum
   attack delay (0.6) is reached at skill level 12.
   Conj:      It increases the power of your Conjurations spells.
   Air:       It increases the power of your Air spells.
   It falls into the 'Staves' category.
   It is a one-handed weapon.
Jewellery
 g - an amulet of the acrobat (around neck)
 j - a ring of resist corrosion
 l - a ring of flight
 s - a ring of wizardry (left hand)
 v - a ring of wizardry (right hand)
Wands
 e - a wand of light (7)
 q - a wand of flame (23)
 x - a wand of mindburst (21)
Scrolls
 h - 11 scrolls of teleportation
 n - 2 scrolls of blinking
 p - 3 scrolls of vulnerability
 w - 3 scrolls of poison
 y - 2 scrolls of enchant weapon
 z - a scroll of fog
 B - 2 scrolls of identify
 E - a scroll of brand weapon
 F - a scroll of fear
Potions
 d - 3 potions of might
 f - 4 potions of brilliance
 i - a potion of curing
 o - a potion of lignification
 t - 4 potions of enlightenment
 u - 3 potions of attraction
 A - a potion of heal wounds


   Skills:
 - Level 1.0 Fighting
 - Level 1.7 Dodging
 - Level 1.7 Stealth
 - Level 4.0 Shields
 - Level 11.4 Spellcasting
 - Level 14.5 Conjurations
 - Level 3.0 Translocations
 + Level 11.6 Fire Magic
 - Level 2.9 Alchemy


You had one spell level left.
You knew the following spells:

 Your Spells              Type           Power      Damage    Failure   Level
a - Magic Dart            Conj           100%       1d8       0%          1
b - Searing Ray           Conj           100%       2d8       0%          2
c - Fulminant Prism       Conj/Alch      39%        3d17      1%          4
d - Iskenderun's Mystic   Conj/Tloc      78%        2d16      (+2d81%     4
e - Blink                 Tloc           64%        N/A       1%          2
f - Mephitic Cloud        Conj/Alch/Air  83%        N/A       1%          3
g - Ignite Poison         Fire/Alch      54%        N/A       1%          4
h - Arcjolt               Conj/Air       45%        1d55      1%          5
i - Ignition              Fire           34%        3d11      13%         8

Your spell library contained the following spells:

 Spells                   Type           Power      Damage    Failure   Level
 Starburst                Conj/Fire      47%        6d13      1%          6
 Call Imp                 Summ           32%        N/A       1%          2
 Frozen Ramparts          Ice            32%        1d5       1%          3
 Sticky Flame             Fire/Alch      54%        2d10      1%          4
 Ozocubu's Armour         Ice            16%        N/A       3%          3
 Tukima's Dance           Hex            16%        N/A       3%          3
 Passage of Golubria      Tloc           32%        N/A       3%          4
 Yara's Violent Unravell  Hex/Alch       12%        3d7       4%          5
 Metabolic Englaciation   Hex/Ice        8%         N/A       26%         5
 Silence                  Hex/Air        12%        N/A       26%         5
 Lehudib's Crystal Spear  Conj/Erth      35%        10d9      50%         8


Dungeon Overview and Level Annotations

Branches:
Dungeon (13/15)            Temple (1/1) D:5            Lair (1/5) D:8
    Orc (2/2) D:9             Elf (0/3) Orc:2       Gauntlet (visited)
 Vaults: D:13-14

Altars:
Ashenzari
Cheibriados
Dithmenos
Fedhas
Gozag
Hepliaklqana
Kikubaaqudgha
Makhleb
Nemelex Xobeh
Okawaru
Qazlal
Ru
Sif Muna
Trog
Uskayaw
Vehumet
Wu Jian
Xom
Yredelemnul
Beogh

Shops:
D:4 :   D:6 *   D:9 =   D:11 :   Orc:2 ?==[

Portals:
Trove: D:12 (give +6 demon whip)

Annotations:
D:2 1 runed translucent door, Crazy Yiuf
D:7 1 runed translucent door, aor's ghost, novice OpMo
D:13 Rupert


Innate Abilities, Weirdness & Mutations

You have hoof-like feet.
Your demonic aura sometimes causes spilled blood to erupt in flames.
You regenerate magic rapidly.
You have an absolutely massive brain. (Int +6, Wiz)


Message History

You resist with almost no effort.
A basilisk comes into view.
The catoblepas breathes a plume of calcifying dust at you.
The blast of calcifying dust hits the wyvern.
The blast of calcifying dust hits you.
* * * LOW HITPOINT WARNING * * *
The basilisk moves out of view.
You are engulfed in calcifying dust.
The fungus is engulfed in blazing flames.
The rime drake breathes ice at you. The icy flash freeze hits you.
You partially resist.
* * * LOW HITPOINT WARNING * * *
You are encased in ice.
The wyvern bites you but does no damage.
The basilisk bites you!
* * * LOW HITPOINT WARNING * * *
The rime drake bites you.
* * * LOW HITPOINT WARNING * * *
The basilisk gazes at you. You resist with almost no effort.
You hear an angry hiss.
You are engulfed in calcifying dust.
The fungus is engulfed in blazing flames.
The wyvern bites you.
* * * LOW HITPOINT WARNING * * *
The wyvern is engulfed in calcifying dust.
The wyvern stops moving altogether!
The wyvern barely misses you.
The rime drake bites you but does no damage.
The wyvern is engulfed in calcifying dust.
The basilisk gazes at you. You resist with almost no effort.
The basilisk bites you.
* * * LOW HITPOINT WARNING * * *
You are engulfed in calcifying dust.
The ice encasing you melts away.
The fungus is engulfed in blazing flames.
A nearby fungus withers and dies.
The wyvern bites you.
* * * LOW HITPOINT WARNING * * *
The wyvern is engulfed in calcifying dust.
The rime drake bites you.
You die...

#P.# ♣≈♣
#§§§ ≈.♣
#§§. #..♣
#§§. #...♣#
#§§. .....♣l
#.§§#...≈l..
♣≈lk.§k§≈Y.
♣.@§.§≈..♣
♣≈.lk$.≈#..
♣≈.#...≈...
♣.§ .....♣.
♣§§ ≈...♣#
≈.. ♣≈..♣
#§.. ♣#.♣
#§.P #♣


You could see 3 basilisks, a rime drake and 2 wyverns.

Vanquished Creatures
  Gastronok (Orc:1)
  An orc warlord (Orc:2)
  Fannar (D:11)
  A hydra (D:13)
  Erica (D:8)
  Erolcha (D:10)
  3 ogre magi (Orc:2)
  2 boulder beetles (D:11)
  4 two-headed ogres
  An orc high priest (Orc:2)
  Nergalle (D:11)
  Lodul (D:10)
  3 obsidian bats (Orc:2)
  4 orc knights
  2 ugly things (D:13)
  9 orc sorcerers
  4 cyclopes
  4 gargoyles
  Joseph (D:9)
  Jeremiah (D:8)
  6 komodo dragons
  Maggie (D:7)
  A troll (D:11)
  2 hornets
  A shadow (D:7)
  5 slime creatures (D:12)
  6 yaks (D:12)
  3 wraiths
  3 wyverns
  A vampire (D:11)
  4 basilisks
  2 steam dragons
  A warg (Orc:1)
  An acid dragon (D:12)
  A water moccasin (D:9)
  15 orc warriors
  An ice beast (D:5)
  A black bear (D:6)
  2 sky beasts
  19 ogres
  3 centaurs
  A kobold brigand (D:8)
  2 bullfrogs
  A gnoll sergeant (D:6)
  A scorpion (D:5)
  14 killer bees
  7 howler monkeys
  4 electric eels (D:8)
  A bombardier beetle (D:7)
  12 orc priests
  A gnoll bouda (D:4)
  3 hounds (D:5)
  Terence (D:2)
  5 iguanas
  36 orc wizards
  19 gnolls
  14 adders
  4 river rats (D:6)
  A white imp (D:5)
  A ribbon worm (D:2)
  2 dart slugs
  58 orcs
  8 endoplasms
  3 hobgoblins
  4 jackals (D:1)
  5 kobolds
  7 quokkas
  5 ball pythons
  2 bats
  4 frilled lizards
  8 goblins
  3 rats
  2 fulminant prisms
364 creatures vanquished.

Vanquished Creatures (others)
  237 fulminant prisms
237 creatures vanquished.

Grand Total: 601 creatures vanquished

Notes
Turn   | Place    | Note
-------+----------+-------------------------------------------
     0 | D:1      | RichLichReachLeech the Demonspawn Conjurer began the quest
                  | for the Orb.
     0 | D:1      | Reached XP level 1. HP: 13/13 MP: 3/3
   620 | D:1      | Gained mutation: You have an unusually large brain. (Int
                  | +2) [demonic ancestry]
   620 | D:1      | Reached XP level 2. HP: 19/19 MP: 2/5
  1128 | D:1      | Learned a level 2 spell: Searing Ray
  1318 | D:2      | Gained mutation: Your demonic aura sometimes causes spilled
                  | blood to erupt in flames. [demonic ancestry]
  1318 | D:2      | Reached XP level 3. HP: 24/24 MP: 2/7
  1350 | D:2      | Noticed Terence
  1778 | D:2      | Found a runed translucent door.
  1779 | D:2      | Noticed Crazy Yiuf
  1864 | D:2      | Killed Terence
  1865 | D:2      | Gained mutation: You have an extremely huge brain. (Int +4)
                  | [demonic ancestry]
  1865 | D:2      | Reached XP level 4. HP: 30/30 MP: 2/10
  1933 | D:2      | Found the +5 Force Lance {heavy, knockback}
  2388 | D:3      | Identified the +4 war axe "Bienlait" {protect, *Corrode rC-
                  | SInv Stlth+}
  2564 | D:3      | Gained mutation: You regenerate magic rapidly. [demonic
                  | ancestry]
  2564 | D:3      | Reached XP level 5. HP: 35/35 MP: 9/12
  2569 | D:3      | Learned a level 4 spell: Fulminant Prism
  2574 | D:3      | Learned a level 4 spell: Iskenderun's Mystic Blast
  2577 | D:3      | Learned a level 2 spell: Blink
  2639 | D:3      | Reached skill level 5 in Spellcasting
  3100 | D:4      | Noticed an ogre
  3109 | D:4      | Killed an ogre
  3110 | D:4      | Reached skill level 1 in Translocations
  3147 | D:4      | Found Kinihyxe's Vocational Training.
  3150 | D:4      | Noticed a black bear
  3477 | D:4      | Reached XP level 6. HP: 41/41 MP: 5/13
  3480 | D:4      | Reached skill level 5 in Conjurations
  4637 | D:5      | Entered Level 5 of the Dungeon
  4827 | D:5      | Reached skill level 6 in Conjurations
  4827 | D:5      | Gained mutation: You have large cloven feet. [demonic
                  | ancestry]
  4827 | D:5      | Reached XP level 7. HP: 46/46 MP: 8/14
  5074 | D:5      | Reached skill level 7 in Conjurations
  5338 | D:5      | Found a staircase to the Ecumenical Temple.
  5351 | Temple   | Entered the Ecumenical Temple
  5357 | Temple   | Became a worshipper of Vehumet
  5621 | D:6      | Identified a scroll of acquirement
  5621 | D:6      | Acquired the staff "Grim Tooth" {Conj Air}
  5755 | D:6      | Noticed a steam dragon
  5824 | D:6      | Killed a steam dragon
  5825 | D:6      | Reached skill level 8 in Conjurations
  5825 | D:6      | Gained mutation: You have hoof-like feet. [demonic
                  | ancestry]
  5825 | D:6      | Reached XP level 8. HP: 15/52 MP: 12/15
  6126 | D:6      | Identified the +8 falchion "Cuniul" {spect, Str+2}
  6132 | D:6      | Reached skill level 9 in Conjurations
  6557 | D:6      | Found a sparkling altar of Nemelex Xobeh.
  6787 | D:6      | Found Rauloifo's General Store.
  6882 | D:7      | Reached * piety under Vehumet
  6882 | D:7      | Offered knowledge of Kiss of Death by Vehumet.
  6887 | D:7      | Reached skill level 10 in Conjurations
  6952 | D:7      | Reached XP level 9. HP: 57/57 MP: 7/18
  7027 | D:7      | Found a sacrificial altar of Ru.
  7039 | D:7      | Noticed Maggie
  7059 | D:7      | Killed Maggie
  7342 | D:7      | Reached skill level 11 in Conjurations
  7384 | D:7      | Found a runed translucent door.
  7384 | D:7      | Noticed aor's ghost (novice OpMo)
  7828 | D:8      | Noticed a komodo dragon
  7832 | D:8      | Killed a komodo dragon
  7839 | D:8      | Noticed a komodo dragon
  7899 | D:8      | Killed a komodo dragon
  8057 | D:8      | Reached skill level 12 in Conjurations
  8445 | D:8      | Gained mutation: You have an absolutely massive brain. (Int
                  | +6, Wiz) [demonic ancestry]
  8445 | D:8      | Reached XP level 10. HP: 36/63 MP: 13/21
  8661 | D:8      | Noticed Erica
  8669 | D:8      | Killed Erica
  8670 | D:8      | Reached skill level 1 in Fighting
  8735 | D:8      | Found a shimmering altar of Xom.
  8879 | D:8      | Noticed Jeremiah
  8892 | D:8      | Killed Jeremiah
  9235 | D:8      | Found a staircase to the Lair.
  9451 | D:9      | Noticed a two-headed ogre
  9460 | D:9      | Killed a two-headed ogre
  9466 | D:9      | Offered knowledge of Shock by Vehumet.
  9478 | D:9      | Reached ** piety under Vehumet
  9492 | D:9      | Reached skill level 13 in Conjurations
  9514 | D:9      | Noticed Joseph
  9571 | D:9      | Killed Joseph
  9675 | D:9      | Found Leshre's Jewellery Shop.
 10003 | D:9      | Found a staircase to the Orcish Mines.
 10726 | D:10     | Entered Level 10 of the Dungeon
 10726 | D:10     | Noticed Lodul
 10726 | D:10     | Noticed Erolcha
 10731 | D:10     | Reached XP level 11. HP: 70/70 MP: 12/24
 10731 | D:10     | Noticed a two-headed ogre
 10732 | D:10     | Reached skill level 10 in Spellcasting
 10735 | D:10     | Killed Lodul
 10800 | D:10     | Offered knowledge of Mephitic Cloud by Vehumet.
 10944 | D:10     | Noticed a two-headed ogre
 10952 | D:10     | Killed a two-headed ogre
 11026 | D:10     | Paralysed by a hornet for 1 turns
 11044 | D:10     | Killed Erolcha
 11071 | D:10     | Reached skill level 14 in Conjurations
 11290 | D:10     | Reached *** piety under Vehumet
 11838 | D:11     | Noticed a boulder beetle
 11852 | D:11     | Noticed Nergalle
 12220 | D:11     | Noticed a two-headed ogre
 12229 | D:11     | Killed a two-headed ogre
 12230 | D:11     | Reached skill level 1 in Shields
 12446 | D:11     | Noticed Fannar
 12454 | D:11     | Killed Fannar
 12559 | D:11     | Noticed a boulder beetle
 12586 | D:11     | Killed Nergalle
 12856 | D:11     | Found Eguph's Book Emporium.
 12864 | D:11     | Bought an Everburning Encyclopedia for 456 gold pieces
 12869 | D:11     | Learned a level 3 spell: Mephitic Cloud
 13072 | D:11     | Noticed a boulder beetle
 13082 | D:11     | Killed a boulder beetle
 13083 | D:11     | Reached XP level 12. HP: 76/76 MP: 6/27
 13088 | D:11     | Learned a level 4 spell: Ignite Poison
 13239 | D:12     | Offered knowledge of Inner Flame by Vehumet.
 13312 | D:12     | Found a portal to a secret trove of treasure.
 13382 | D:12     | Found a gate leading to a gauntlet.
 13391 | Gauntlet | Entered a Gauntlet
 13391 | Gauntlet | Noticed a death scarab
 13391 | Gauntlet | Found a transporter.
 13391 | Gauntlet | Found a transporter.
 13392 | Gauntlet | Found a transporter.
 13392 | Gauntlet | Found a transporter.
 13395 | Gauntlet | Found a transporter.
 13395 | Gauntlet | Found a transporter.
 13397 | Gauntlet | Found a large runed translucent door.
 13398 | Gauntlet | Found a large runed translucent door.
 13399 | Gauntlet | Found a large runed translucent door.
 13399 | Gauntlet | Found a large runed translucent door.
 13399 | Gauntlet | Found a runed translucent door.
 13400 | Gauntlet | Found a large runed translucent door.
 13401 | Gauntlet | Found a large runed translucent door.
 13402 | Gauntlet | Found a large runed translucent door.
 13402 | Gauntlet | Found a large runed translucent door.
 13403 | Gauntlet | Found a runed translucent gate.
 13409 | Gauntlet | Found a transporter.
 13410 | Gauntlet | Found a transporter.
 13419 | Gauntlet | Found a transporter.
 13424 | Gauntlet | Noticed a green death
 13428 | Gauntlet | Found a transporter.
 13432 | Gauntlet | Noticed a dire elephant
 13445 | Gauntlet | Found a transporter.
 13449 | Gauntlet | Found a transporter.
 13451 | Gauntlet | Found a runed translucent gate.
 13451 | Gauntlet | Found a runed translucent gate.
 13452 | Gauntlet | Found a large runed translucent door.
 13452 | Gauntlet | Found a large runed translucent door.
 13453 | Gauntlet | Found a large runed translucent door.
 13454 | Gauntlet | Found a large runed translucent door.
 13455 | Gauntlet | Found a large runed translucent door.
 13455 | Gauntlet | Found a large runed translucent door.
 13455 | Gauntlet | Found a runed translucent door.
 13456 | Gauntlet | Found a large runed translucent door.
 13457 | Gauntlet | Found a large runed translucent door.
 13704 | D:12     | Reached skill level 1 in Fire Magic
 13718 | D:12     | Noticed a two-headed ogre
 13727 | D:12     | Killed a two-headed ogre
 13923 | D:12     | Reached skill level 5 in Fire Magic
 14433 | D:13     | Noticed a four-headed hydra
 14445 | D:13     | Killed a four-headed hydra
 14660 | D:13     | Noticed Rupert
 14779 | D:11     | Killed a boulder beetle
 14934 | D:11     | Reached **** piety under Vehumet
 15117 | Lair:1   | Entered Level 1 of the Lair of Beasts
 15117 | Lair:1   | Noticed a catoblepas
 15277 | Orc:1    | Entered Level 1 of the Orcish Mines
 15333 | Orc:1    | Offered knowledge of Arcjolt by Vehumet.
 15391 | Orc:1    | Learned a level 5 spell: Arcjolt
 15400 | Orc:1    | Learned a level 8 spell: Ignition
 15407 | Orc:1    | Noticed Gastronok
 15538 | Orc:1    | Killed Gastronok
 15868 | Orc:2    | Entered Level 2 of the Orcish Mines
 15879 | Orc:2    | Found a staircase to the Elven Halls.
 16342 | Orc:2    | Noticed an orc high priest
 16342 | Orc:2    | Noticed an orc warlord
 16523 | Orc:2    | Killed an orc high priest
 16726 | Orc:2    | Reached XP level 13. HP: 81/81 MP: 24/28
 16826 | Orc:2    | Killed an orc warlord
 16928 | Orc:2    | Reached ***** piety under Vehumet
 16928 | Orc:2    | Offered knowledge of Starburst by Vehumet.
 17009 | Orc:2    | Reached skill level 10 in Fire Magic
 17242 | Orc:2    | Found Vewych's Magic Scroll Shoppe.
 17263 | Orc:2    | Bought a scroll of blinking for 112 gold pieces
 17263 | Orc:2    | Bought a scroll of blinking for 112 gold pieces
 17263 | Orc:2    | Bought a scroll of teleportation for 45 gold pieces
 17263 | Orc:2    | Bought a scroll of teleportation for 45 gold pieces
 17263 | Orc:2    | Bought a scroll of brand weapon for 142 gold pieces
 17263 | Orc:2    | Bought a scroll of fear for 60 gold pieces
 17276 | Orc:2    | Found a radiant altar of Vehumet.
 17306 | Orc:2    | Found Roomung's Jewellery Emporium.
 17556 | Orc:2    | Found an ancient bone altar of Kikubaaqudgha.
 17572 | Orc:2    | Found Ejeyxay's Jewellery Emporium.
 17612 | Orc:2    | Found a roughly hewn altar of Beogh.
 17612 | Orc:2    | Found Beodig's Antique Armour Shoppe.
 17637 | Orc:2    | Bought a pair of heavily runed gloves for 180 gold pieces
 17637 | Orc:2    | Identified the +0 pair of gloves "Mazul" {+Blink rC+++
                  | Dex-3 Slay-2} (You bought it in a shop on level 2 of the
                  | Orcish Mines)
 17772 | Orc:2    | Found a roughly hewn altar of Beogh.
 18172 | Lair:1   | HP: 4/81 [rime drake (2)]
 18174 | Lair:1   | HP: 1/81 [wyvern (1)]
 18174 | Lair:1   | Slain by a rime drake

Illustrated notes

Levels and vault maps discovered:
D:1:      nzn_arrival_depleted_hourglass, layout_basic, minmay_misc_feat_tower
D:2:      layout_rooms, uniq_terence, uniq_crazy_yiuf_cottage
D:3:      wad_lake_hut, layout_loops_corners, mainiacjoe_overflow_alcove_4,
          mainiacjoe_overflow_brackets
D:4:      layout_cave_pods, minivault_23, nicolae_shop_vocational
D:5:      layout_basic, minmay_temple_entry_junction
D:6:      wad_woods_stonehenge, layout_basic, serial_shops,
          kennysheep_little_box
D:7:      layout_cave_pools, nicolae_ru_sacrificial_ziggurat,
          hellmonk_ghost_happy_afterlife, uniq_maggie
D:8:      layout_basic, mainiacjoe_overflow_cross_hatched, erik_lair_dragon,
          disabler_island, uniq_jeremiah, uniq_erica
D:9:      layout_layer_cave, orc_0_dummy, serial_shops, shop, uniq_joseph
D:10:     layout_basic, minmay_lizard_king, uniq_lodul, uniq_erolcha
D:11:     layout_basic, serial_shops, nicolae_book_shop_shelving,
          nzn_life_drinkers, uniq_nergalle, uniq_fannar
D:12:     layout_long_grid, nicolae_trove_entry_diagonal, gauntlet_entry_generic
D:13:     layout_roguey, david_vaults_4, nicolae_yredelemnul_ghost_church,
          uniq_josephine, uniq_rupert, uniq_urug
Temple:   eino_narrow_crystal_temple
Lair:1:   regret_index_malice_mire, layout_misc_corridors,
          chequers_serial_rivers_micro_b
Orc:1:    layout_diamond_mine, uniq_gastronok
Orc:2:    kennysheep_orc_mage_school, layout_diamond_mine,
          statue_in_the_mist_lemuel, lightli_church_of_beogh

Skill      XL: |  1  2  3  4  5  6  7  8  9 10 11 12 13 |
---------------+----------------------------------------+-----
Spellcasting   | 3 4 5 6 7 9 11 | 11.4
Translocations | 1 2 3 |  3.0
Conjurations   | 6 8 10 12 13 14 | 14.5
Fighting       | 1 |  1.0
Shields        | 4 |  4.0
Alchemy        | 2 |  2.9
Fire Magic     | 9 11 | 11.6
Dodging        | |  1.7
Stealth        | |  1.7

Action                     |  1- 3 |  4- 6 |  7- 9 | 10-12 | 13-15 || total
---------------------------+-------+-------+-------+-------+-------++-------
  Melee: Unarmed           |    12 |       |       |       |       ||    12
         Lance             |       |    25 |     5 |       |       ||    30
         Staff             |       |       |     3 |     3 |       ||     6
         Kick              |       |       |       |     1 |       ||     1
  Throw: Throwing net      |       |       |     3 |       |       ||     3
   Cast: Magic Dart        |    65 |    68 |    51 |       |       ||   184
         Searing Ray       |     2 |     7 |    20 |     2 |       ||    31
         Iskenderun's Myst |       |     1 |    14 |   110 |    31 ||   156
         Fulminant Prism   |       |       |    46 |   157 |    37 ||   240
         Mephitic Cloud    |       |       |       |     2 |     3 ||     5
         Arcjolt           |       |       |       |     3 |       ||     3
         Ignite Poison     |       |       |       |     1 |     2 ||     3
         Ignition          |       |       |       |       |     1 ||     1
  Evoke: Wand              |       |       |       |     8 |       ||     8
    Use: Scroll            |       |       |    16 |     8 |       ||    24
         Potion            |       |       |     4 |     4 |       ||     8
   Stab: Sleeping          |       |     1 |       |       |       ||     1
 Armour: Robe              |    18 |    20 |    35 |    12 |    41 ||   126
         Steam dragon scal |       |       |    10 |    54 |       ||    64
  Dodge: Dodged            |    32 |    17 |    24 |    55 |    22 ||   150
  Block: Buckler           |       |       |       |    10 |     3 ||    13

Table legend: (Time is in decaauts)
 A = Elapsed time spent in this place.
 B = Non-inter-level travel time spent in this place.
 C = Inter-level travel time spent in this place.
 D = Time resting spent in this place.
 E = Time spent auto-exploring this place.
 F = Levels seen in this place.
 G = Mean time per level.
                   A        B        C        D        E       F      G
               +--------+--------+--------+--------+--------+-----+--------+
         Total |  18226 |  16685 |   1541 |   2656 |  11195 |  18 | 1012.6 |
       Dungeon |  15397 |  14066 |   1331 |   2150 |   9666 |  13 | 1184.4 |
        Temple |     12 |      7 |      5 |      0 |      0 |   1 |   12.0 |
          Lair |     11 |     11 |      0 |      0 |      0 |   1 |   11.0 |
  Orcish Mines |   2603 |   2399 |    204 |    506 |   1396 |   2 | 1301.5 |
      Gauntlet |    201 |    201 |      0 |      0 |    133 |   1 |  201.0 |
               +--------+--------+--------+--------+--------+-----+--------+

Top non-repeatable levels by time:
     D:8: 1962 daAuts
     D:9: 1813 daAuts
    D:11: 1528 daAuts
   Orc:2: 1490 daAuts
     D:1: 1359 daAuts
     D:5: 1312 daAuts
     D:3: 1223 daAuts
     D:4: 1129 daAuts
   Orc:1: 1112 daAuts
    D:12: 1066 daAuts
    D:10: 1035 daAuts
     D:6: 984 daAuts
     D:2: 932 daAuts
     D:7: 751 daAuts
    D:13: 299 daAuts
